 Dungeon Crawl Stone Soup version 0.20.0-15-g7f486f2 (webtiles) character file.

1608 renl the Gouger (level 8, -13/33 HPs)
             Began as a Felid Transmuter on July 6, 2017.
             Was a Believer of Sif Muna.
             Killed by the air
             ... invoked by Gastronok
              (29 damage)
             ... on level 9 of the Dungeon.
             The game lasted 00:54:17 (8879 turns).

renl the Gouger (Felid Transmuter)                  Turns: 8879, Time: 00:54:18

Health: -13/33     AC:  2    Str:  6    XL:     8   Next: 63%
Magic:  8/12       EV: 28    Int: 16    God:    Sif Muna [**....]
Gold:   589        SH:  0    Dex: 22    Spells: 0/11 levels left
                                        Lives:  0   Deaths: 2

rFire    . . .     SeeInvis +     - Unarmed
rCold    . . .     Gourm    .   (shield unavailable)
rNeg     . . .     Faith    +   (armour unavailable)
rPois    x         Spirit   .   (helmet unavailable)
rElec    .         Reflect  .   (cloak unavailable)
rCorr    .         Harm     .   (gloves unavailable)
MR       ++...                  (boots unavailable)
Stlth    ++++......             C - amulet of faith
Regen    0.2/turn               e - ring of wizardry
MPRegen  0.2/turn               M - +4 ring of evasion

@: spider-form (expiring)
A: no armour, no weapons or thrown items, stealth, see invisible, carnivore 3,
magic resistance 1, slow metabolism 1, evolution 1
a: End Transformation, Divine Energy, Renounce Religion


You were on level 9 of the Dungeon.
You worshipped Sif Muna.
Sif Muna was pleased with you.
You were completely stuffed.
You were a venomous arachnid creature.
You visited 1 branch of the dungeon, and saw 9 of its levels.

You collected 589 gold pieces.

Inventory:

Missiles
 a - 84 arrows
Jewellery
 e - a ring of wizardry (left front leg)
 g - an uncursed amulet of regeneration
 v - a +3 ring of dexterity
 y - a +5 ring of strength
 C - an amulet of faith (around neck)
 F - an uncursed ring of protection from magic
 M - a +4 ring of evasion (right front leg)
Wands
 d - a wand of flame (17/48)
 s - a wand of random effects (6/48)
 H - a wand of iceblast (8/15)
Scrolls
 h - a scroll of recharging {unknown}
 k - 3 scrolls of remove curse
 l - 4 scrolls of teleportation {unknown}
 m - 2 scrolls of enchant weapon {unknown}
 n - 2 scrolls of noise {unknown}
 p - 2 scrolls of fear {unknown}
 t - a scroll of immolation {unknown}
 u - 2 scrolls of enchant armour {unknown}
 K - a scroll of amnesia {unknown}
 N - 2 scrolls of fog {unknown}
Potions
 f - 3 potions of haste
 i - 3 potions of might
 j - 3 potions of lignification
 o - 2 potions of mutation
 q - 2 potions of cancellation
 r - 4 potions of heal wounds
 w - a potion of magic
 x - a potion of brilliance
 z - 2 potions of flight
 A - a potion of ambrosia
 B - a potion of agility {unknown}
 I - 2 potions of curing
Books
 b - a book of Changes

   Spells                             Type                      Level
   a - Beastly Appendage              Transmutation                1
   b - Sticks to Snakes               Transmutation                2
   c - Spider Form                    Transmutation/Poison         3
   d - Ice Form                       Ice/Transmutation            4
   e - Blade Hands                    Transmutation                5
 D - a book of Battle

   Spells                             Type                      Level
   a - Infusion                       Charms                       1
   b - Shroud of Golubria             Charms/Translocation         2
   c - Song of Slaying                Charms                       2
   d - Spectral Weapon                Hexes/Charms                 3
   e - Regeneration                   Charms/Necromancy            3
 E - a book of Cantrips

   Spells                             Type                      Level
   a - Confusing Touch                Hexes                        1
   b - Animate Skeleton               Necromancy                   1
   c - Summon Small Mammal            Summoning                    1
   d - Apportation                    Translocation                1
 J - a book of Minor Magic

   Spells                             Type                      Level
   a - Magic Dart                     Conjuration                  1
   b - Blink                          Translocation                2
   c - Call Imp                       Summoning                    2
   d - Slow                           Hexes                        2
   e - Conjure Flame                  Conjuration/Fire             3
   f - Mephitic Cloud                 Conjuration/Poison/Air       3
Comestibles
 c - 7 meat rations
 G - 3 royal jellies
 O - 2 chunks of flesh


   Skills:
 + Level 2.1 Fighting
 + Level 4.6 Dodging
 + Level 6.8 Stealth
 * Level 9.8 Unarmed Combat
 - Level 2.0 Spellcasting
 + Level 3.9 Hexes
 + Level 1.9 Charms
 + Level 3.4 Translocations
 * Level 6.2 Transmutations
 - Level 0.1 Poison Magic


You couldn't memorise any spells.
You knew the following spells:

 Your Spells              Type           Power        Failure   Level  Hunger
a - Beastly Appendage     Tmut           ###...       2%          1    #......
b - Sticks to Snakes      Tmut           ###.....     3%          2    ###....
c - Spider Form           Tmut/Pois      ##........   16%         3    ###....
d - Confusing Touch       Hex            ##....       5%          1    #......
e - Shroud of Golubria    Chrm/Tloc      ##........   11%         2    ###....
f - Blink                 Tloc           N/A          9%          2    ###....


Dungeon Overview and Level Annotations

Branches:
Dungeon (9/15)
 Temple: D:4-7         Lair: D:8-11         Orc: D:9-12

Altars:
Ashenzari
Kikubaaqudgha
Makhleb
Qazlal
Sif Muna
Uskayaw
Vehumet
Xom
Yredelemnul
The Shining One

Annotations:
D:9 Gastronok


Innate Abilities, Weirdness & Mutations

You cannot wear armour.
You are incapable of wielding weapons or throwing items.
Your paws allow you to move quietly. (Stealth)
((You have sharp claws.))
((You have razor-sharp teeth.))
You have supernaturally acute eyesight. (SInv)
You are carnivorous and can eat meat at any time.
((You cover ground quickly.))
((You are covered in thick fur. (AC +2)))
You have a slow metabolism.
((Your sharp claws are effective at attacking unaware monsters.))
((You are partially covered in slimy green scales. (AC +2)))
((Your flesh is heat resistant. (rF+)))
You are resistant to hostile enchantments. (MR+)
You evolve.


Message History

Sif Muna accepts your kill. The worker ant misses you.
The worker ant bites you.
Your shroud falls apart!
A jackal comes into view.
You completely miss the worker ant.
The jackal barks!
The worker ant completely misses you.
The gnoll throws a throwing net.
The throwing net misses you.
The gnoll sergeant hits you from afar with a spear.
The worker ant misses you.
Gastronok gurgles horribly!
The jackal completely misses you. The worker ant misses you.
There is a stone staircase leading down here.
The gnoll misses you. The worker ant completely misses you.
The worker ant bites you. The gnoll sergeant misses you.
Gastronok waves his eye-stalks in wide circles.
The air twists around and strikes you!
Ouch! That really hurt!
You die...

.##.#>#....#.....# ..
#...#....+.....#
....#....##.#(.### ..
#.............####..
##..#..#..........w.#
#....#.#.)..........#
#####....#.##...(.......#
#...#.#.##.###..ah......#.
##...#'#....##..sahZh......
........######...hg........
.............#....g........
.......%...#=#.....).......
.........#.#.#.............
............<#.............
............##...........:.
............###########....
...###......# ....


You could see Gastronok, a gnoll sergeant, 2 worker ants, a gnoll, 4 jackals and
a quokka skeleton.

Vanquished Creatures
  A troll (D:8)
  A hornet (D:8)
  A hippogriff (D:9)
  Sigmund (D:6)
  Duvessa (D:7)
  2 ice beasts
  A phantom (D:5)
  A centaur (D:6)
  A sky beast (D:8)
  An ogre (D:8)
  A big kobold (D:8)
  A bullfrog (D:6)
  Dowan (D:7)
  A scorpion (D:6)
  3 killer bees (D:8)
  2 howler monkeys
  3 crimson imps (D:5)
  2 orc priests
  2 gnoll shamans (D:6)
  4 hounds
  A centaur skeleton (D:6)
  2 iguanas
  4 orc wizards
  5 worker ants
  A hound zombie (D:8)
  2 howler monkey zombies
  10 adders
  17 gnolls
  An ooze (D:3)
  2 adder skeletons
  An adder zombie (D:8)
  3 worms
  A dart slug (D:1)
  5 leopard geckos
  22 orcs
  4 ball pythons
  8 giant cockroaches
  2 goblins
  8 hobgoblins
  8 jackals
  A quokka (D:3)
  4 bats
  3 frilled lizards
  17 kobolds
  A quokka skeleton (D:4)
  A quokka zombie (D:6)
  11 rats
176 creatures vanquished.

Vanquished Creatures (others)
  A human (D:4)
1 creature vanquished.

Grand Total: 177 creatures vanquished

Notes
Turn   | Place    | Note
-------+----------+-------------------------------------------
     0 | D:1      | renl the Felid Transmuter began the quest for the Orb.
     0 | D:1      | Reached XP level 1. HP: 9/9 MP: 4/4
   204 | D:1      | Reached XP level 2. HP: 4/12 MP: 6/6
   374 | D:1      | Learned a level 2 spell: Sticks to Snakes
   677 | D:2      | Found a hide-covered altar of Uskayaw.
   746 | D:2      | Reached XP level 3. HP: 10/15 MP: 0/7
   834 | D:2      | Reached skill level 4 in Unarmed Combat
   848 | D:2      | Reached skill level 1 in Stealth
  1115 | D:2      | Learned a level 3 spell: Spider Form
  1404 | D:2      | Reached XP level 4. HP: 14/19 MP: 5/8
  1422 | D:2      | Found a basalt altar of Yredelemnul.
  1608 | D:3      | Found an ancient bone altar of Kikubaaqudgha.
  2276 | D:3      | Found a radiant altar of Vehumet.
  2910 | D:4      | Reached XP level 5. HP: 22/22 MP: 7/9
  3192 | D:4      | Found an ancient bone altar of Kikubaaqudgha.
  3194 | D:4      | Noticed a human
  3196 | D:4      | Killed a human
  3236 | D:5      | Entered Level 5 of the Dungeon
  3332 | D:5      | Noticed a phantom
  3475 | D:5      | Killed a phantom
  3475 | D:5      | Reached skill level 5 in Unarmed Combat
  3475 | D:5      | Gained mutation: You are covered in thick fur. (AC +2) [Felid growth]
  3475 | D:5      | Reached XP level 6. HP: 24/25 MP: 4/10
  3820 | D:5      | Reached skill level 6 in Unarmed Combat
  3872 | D:5      | You fall through a shaft for 2 floors!
  3874 | D:7      | Noticed a purple ugly thing
  3975 | D:7      | Reached XP level 7. HP: 27/28 MP: 7/11
  4050 | D:7      | Noticed Duvessa
  4087 | D:7      | Noticed Dowan
  4148 | D:6      | Noticed Sigmund
  4192 | D:6      | Killed Sigmund
  4284 | D:6      | Found a deep blue altar of Sif Muna.
  4292 | D:6      | Found a shattered altar of Ashenzari.
  4295 | D:6      | Became a worshipper of Sif Muna the Loreminder
  4319 | D:6      | Learned a level 1 spell: Confusing Touch
  4322 | D:6      | Learned a level 2 spell: Shroud of Golubria
  4390 | D:6      | Reached skill level 7 in Unarmed Combat
  4478 | D:6      | Found a shimmering altar of Xom.
  4670 | D:6      | Reached skill level 1 in Hexes
  4736 | D:6      | Reached XP level 8. HP: 29/33 MP: 9/12
  4787 | D:6      | Learned a level 2 spell: Blink
  4851 | D:6      | Found a glowing golden altar of the Shining One.
  4950 | D:6      | Reached skill level 1 in Translocations
  5241 | D:6      | HP: 1/33 [orc wizard/puff of flame (8)]
  5247 | D:6      | Killed from afar by an orc wizard
  5248 | D:6      | Reached XP level 7. HP: -7/29 MP: 4/11
  5260 | D:6      | Reached skill level 5 in Transmutations
  5470 | D:6      | Reached * piety under Sif Muna
  5470 | D:6      | Reached skill level 8 in Unarmed Combat
  5717 | D:7      | Killed Duvessa
  5717 | D:7      | Reached skill level 5 in Stealth
  5717 | D:7      | Reached skill level 1 in Charms
  5720 | D:7      | Killed Dowan
  7250 | D:8      | Reached XP level 8. HP: 33/33 MP: 9/12
  7457 | D:8      | Noticed a troll
  7473 | D:8      | Killed a troll
  7473 | D:8      | Reached skill level 9 in Unarmed Combat
  7719 | D:8      | Noticed a hornet
  7732 | D:8      | Paralysed by a hornet for 3 turns
  7734 | D:8      | Mangled by a hornet
  7735 | D:8      | Reached XP level 7. HP: -8/30 MP: 8/11
  7735 | D:8      | Killed a hornet
  7749 | D:8      | Reached XP level 8. HP: 33/33 MP: 5/12
  7774 | D:8      | Gained mutation: You are resistant to hostile enchantments. (MR+) [potion of mutation]
  7774 | D:8      | Gained mutation: You are weak. (Str -2) [potion of mutation]
  7774 | D:8      | Gained mutation: You possess an exceptional clarity of mind. [potion of mutation]
  7775 | D:8      | Lost mutation: You possess an exceptional clarity of mind. [potion of mutation]
  7775 | D:8      | Lost mutation: You are weak. (Str -2) [potion of mutation]
  7775 | D:8      | Lost mutation: You are resistant to hostile enchantments. (MR+) [potion of mutation]
  7775 | D:8      | Gained mutation: Your thick and shaggy fur keeps you warm. (AC +3, rC+) [potion of mutation]
  7775 | D:8      | Gained mutation: You are robust. (+10% HP) [potion of mutation]
  7775 | D:8      | Gained mutation: You are resistant to hostile enchantments. (MR+) [potion of mutation]
  7776 | D:8      | Lost mutation: Your thick and shaggy fur keeps you warm. (AC +3, rC+) [potion of mutation]
  7776 | D:8      | Lost mutation: You are robust. (+10% HP) [potion of mutation]
  7776 | D:8      | Gained mutation: You are partially covered in slimy green scales. (AC +2) [potion of mutation]
  7776 | D:8      | Gained mutation: Your flesh is heat resistant. (rF+) [potion of mutation]
  7776 | D:8      | Gained mutation: Your magical capacity is low. (-10% MP) [potion of mutation]
  7776 | D:8      | Gained mutation: You evolve. [potion of mutation]
  8148 | D:8      | Found a stormy altar of Qazlal.
  8148 | D:8      | Found a faded altar of an unknown god.
  8153 | D:8      | Found a glowing golden altar of the Shining One.
  8155 | D:8      | Found a faded altar of an unknown god.
  8156 | D:8      | Found a burning altar of Makhleb.
  8194 | D:8      | Lost mutation: Your magical capacity is low. (-10% MP) [evolution]
  8560 | D:9      | Noticed a hippogriff
  8584 | D:9      | Killed a hippogriff
  8630 | D:8      | Reached ** piety under Sif Muna
  8763 | D:9      | Noticed Gastronok
  8879 | D:9      | Killed from afar by Gastronok

Skill      XL: |  1  2  3  4  5  6  7  8 |
---------------+-------------------------+-----
Unarmed Combat | 4 5 6 8 9 |  9.8
Stealth        | 1 2 3 6 |  6.8
Transmutations | 3 4 5 6 |  6.2
Dodging        | 3 4 |  4.6
Hexes          | 2 3 |  3.9
Translocations | 2 3 |  3.4
Charms         | 1 |  1.9
Fighting       | 2 |  2.1
Spellcasting   | |  2.0
Poison Magic   | |  0.1

Action                   |  1- 3 |  4- 6 |  7- 9 || total
-------------------------+-------+-------+-------++-------
Melee: Unarmed           |   127 |   174 |   339 ||   640
       Headbutt          |     3 |    16 |       ||    19
       Bite              |     8 |     5 |    16 ||    29
       Punch             |       |     3 |     5 ||     8
 Cast: Beastly Appendage |    10 |    13 |     2 ||    25
       Sticks to Snakes  |     6 |       |     5 ||    11
       Spider Form       |     3 |    14 |    23 ||    40
       Confusing Touch   |       |       |    43 ||    43
       Shroud of Golubri |       |       |    32 ||    32
       Blink             |       |       |     2 ||     2
Evoke: Wand              |       |       |     1 ||     1
  Use: Scroll            |       |       |    13 ||    13
       Potion            |       |       |     4 ||     4
 Stab: Sleeping          |     8 |    11 |     9 ||    28
       Distracted        |     1 |       |       ||     1
       Confused          |       |       |    17 ||    17
  Eat: Chunk             |     9 |     8 |    27 ||    44
Armor: Skin              |     3 |     6 |    10 ||    19
Dodge: Dodged            |    88 |   104 |   253 ||   445
